 Dungeon Crawl Stone Soup version 0.30-a0-339-g89bb51ec76 (webtiles) character file.

Game seed: 7195063282766278448

37 zishaf the Sneak (level 3, -3/19 HPs)
             Began as a Vine Stalker Brigand on Oct 31, 2022.
             Slain by Natasha (5 damage)
             ... on level 1 of the Dungeon.
             The game lasted 00:02:20 (1032 turns).

zishaf the Sneak (Vine Stalker Brigand)             Turns: 1032, Time: 00:02:20

Health: -3/19      AC:  7    Str: 13    XL:     3   Next: 41%
Magic:  0/4        EV: 11    Int: 11    God:
Gold:   113        SH:  0    Dex: 17    Spells: 2/2 levels left

rFire   . . .      SeeInvis .    a - +2 dagger
rCold   . . .      Faith    .    (no shield)
rNeg    . . .      Spirit   +    l - +0 leather armour
rPois   .          Reflect  .    (no helmet)
rElec   .          Harm     .    c - +0 cloak
rCorr   .          Rampage  .    k - +2 pair of gloves
Will    .....                    (no boots)
Stlth   +++.......               (no amulet)
HPRegen 0.23/turn                (no ring)
MPRegen 0.09/turn                (no ring)

@: no status effects
A: fangs 2, magic shield, antimagic bite, no potion heal 2
a: no special abilities


You were on level 1 of the Dungeon.
You visited 1 branch of the dungeon, and saw 2 of its levels.

You collected 113 gold pieces.

Inventory:

Hand Weapons
 a - a +2 dagger (weapon)
Missiles
 d - 9 poisoned darts (quivered)
 e - 3 curare-tipped darts
Armour
 b - a +0 robe
 c - a +0 cloak (worn)
 k - a +2 pair of gloves (worn)
 l - a +0 leather armour (worn)
Jewellery
 h - a ring of fire
Scrolls
 j - a scroll of identify {unknown}
Potions
 f - a potion of degeneration {unknown}
 g - a potion of magic {unknown}
 i - 2 potions of cancellation {unknown}


   Skills:
 + Level 2.5 Fighting
 + Level 2.4 Short Blades
 - Level 2.0 Throwing
 - Level 1.0 Dodging
 - Level 5.0 Stealth


You had 2 spell levels left.
You didn't know any spells.
Your spell library was empty.

Dungeon Overview and Level Annotations

Branches:
Dungeon (2/15)

Altars:

Annotations:
D:1 Natasha


Innate Abilities, Weirdness & Mutations

You have extremely sharp teeth.
When hurt, damage is shared between your health and your magic reserves.
Your bite disrupts and absorbs the magic of your enemies.
Potions cannot restore your health.


Message History

You hit the crimson imp.
You bite the crimson imp, but do no damage.
The crimson imp is almost dead.
The crimson imp hits you but does no damage.
You barely miss the crimson imp. Your bite misses the crimson imp.
The crimson imp is severely wounded.
The crimson imp disappears in a puff of smoke!
Natasha hisses.
You hit the orc but do no damage. You bite the orc. You drain its power.
You feel invigorated.
The orc is severely wounded.
The orc hits you with a +0 club.
Natasha howls an incantation.
You feel disoriented.
You hit the orc but do no damage. Your bite misses the orc.
The orc is severely wounded.
The orc hits you but does no damage.
You barely miss the orc. You bite the orc.
You kill the orc!
You hit Natasha. You bite Natasha, but do no damage.
Natasha is lightly wounded.
Natasha claws you.
* * * LOW HITPOINT WARNING * * *
You closely miss Natasha. Your bite misses Natasha.
Natasha is lightly wounded.
Natasha claws you.
* * * LOW HITPOINT WARNING * * *
You hit Natasha.
Natasha is moderately wounded.
The crimson imp blinks!
Natasha barely misses you.
You closely miss Natasha. You bite Natasha.
Natasha's magic leaks into the air.
You drain her magic.
You feel invigorated.
Natasha is heavily wounded.
The crimson imp disappears in a puff of smoke!
Natasha claws you.
* * * LOW HITPOINT WARNING * * *
You barely miss Natasha. Your bite misses Natasha.
Natasha is heavily wounded.
Natasha claws you.
You die...

.#####.P♣♣.............#.#
.....P.♣♣P.#..##.#####.#.#
####..P♣♣♣.#..##.# #.#.#
##.....♣PP....##.# #...#
..P♣♣♣♣♣♣....###.# #.###
...P..♣....### #.#####.#
..P........# #.......#
...#.#####.#######...###
##.#.#####....§.@h§†.#
#.#.......#######>..#
##.######### ##### ....#
....# ###.# #.### ##...#
#....#


You could see Natasha (magic disrupted).

Vanquished Creatures
  A worm (D:1)
  2 dart slugs (D:1)
  4 orcs (D:1)
  3 ball pythons (D:1)
  A bat (D:1)
  2 endoplasms (D:1)
  A giant cockroach (D:1)
  A goblin (D:1)
  A hobgoblin (D:1)
  3 kobolds (D:1)
  A quokka (D:1)
  4 frilled lizards
  A rat (D:1)
25 creatures vanquished.

Vanquished Creatures (others)
  2 plants (D:1)
2 creatures vanquished.

Grand Total: 27 creatures vanquished

Notes
Turn   | Place    | Note
-------+----------+-------------------------------------------
     0 | D:1      | zishaf the Vine Stalker Brigand began the quest for the
                  | Orb.
     0 | D:1      | Reached XP level 1. HP: 11/11 MP: 2/2
   154 | D:1      | Reached skill level 1 in Dodging
   154 | D:1      | Reached XP level 2. HP: 15/15 MP: 3/3
   158 | D:1      | Reached skill level 5 in Stealth
   723 | D:1      | Reached XP level 3. HP: 18/18 MP: 4/4
   955 | D:2      | Noticed Natasha
  1032 | D:1      | Slain by Natasha

Illustrated notes

Levels and vault maps discovered:
D:1:      giann_forest_graveyard, layout_loops_cross, serial_forest,
          infiniplex_forest_lined_3_way, infiniplex_forest_clump_curved,
          infiniplex_forest_end_3, infiniplex_forest_clump_double
D:2:      minmay_evil_eye, layout_rooms, grunt_decor_clamped,
          grunt_decor_one_mirror, uniq_natasha, uniq_terence

Skill      XL: |  1  2 |
---------------+-------+-----
Dodging        | 1 |  1.0
Fighting       | 2 |  2.5
Throwing       | 2 |  2.0
Stealth        | 5 |  5.0
Short Blades   | 2 |  2.4

Action                   || total
-------------------------++-------
Melee: Dagger            ||    92
       Bite              ||    22
 Stab: Sleeping          ||     7
Armor: Robe              ||    13
       Leather armour    ||    21
Dodge: Dodged            ||    41

Table legend: (Time is in decaauts)
 A = Elapsed time spent in this place.
 B = Non-inter-level travel time spent in this place.
 C = Inter-level travel time spent in this place.
 D = Time resting spent in this place.
 E = Time spent auto-exploring this place.
 F = Levels seen in this place.
 G = Mean time per level.
                   A        B        C        D        E       F      G
               +--------+--------+--------+--------+--------+-----+--------+
         Total |   1024 |    927 |     97 |     23 |    648 |   2 |  512.0 |
       Dungeon |   1024 |    927 |     97 |     23 |    648 |   2 |  512.0 |
               +--------+--------+--------+--------+--------+-----+--------+

Top non-repeatable levels by time:
     D:1: 1007 daAuts
     D:2: 17 daAuts
